Orko, chaotic female orcish Wizard -------- |.......### |.....<| |......| |......| ---.---- # ### # ### # # # --------|------- |".!+.....o+.(.| |.[..[=P/.)B)[!| |!+....=./%()*(| ---------------- Orko the Evoker Experience level: 1 Strength: 12 Dexterity: 16 Constitution: 18 Intelligence: 16 Wisdom: 9 Charisma: 9 Health: 0(11) Energy: 7(7) Def: 1 Gold: 0 Moves: 341 Dungeon seed: B3wAmIhdVvWdtDlY Game ID: Orko_1571105580 Your Inventory: Rings D - an uncursed ring of regeneration Armor e - a blessed +2 pair of high boots n - an uncursed +0 cloak of magic resistance (being worn) q - an uncursed +2 dwarvish iron helm Weapons b - a blessed +1 quarterstaff (weapon in hands) Wands B - a blessed wand of probing (0:7) Potions s - an uncursed potion of extra healing H - an uncursed potion of sickness Scrolls I - an uncursed scroll of confuse monster K - an uncursed scroll of remove curse Comestibles w - an uncursed food ration M - an uncursed food ration Spells and supernatural/magical abilities: Name Level Category Fail Memory a - force bolt 1 attack 0% 99% p - protection 1 clerical 0% 100% U - detect unseen 3 divination 100% 99% W - pray for help -- divine ? -- Your skills at the end: Fighting Skills Weapon Skills quarterstaff [Basic] Spellcasting Skills attack spells [Basic] enchantment spells [Basic] Final Attributes: You were devoutly aligned. You were poison resistant. You were magic-protected. You were hallucinating. You had infravision. You are dead. Vanquished creatures: a fox a lichen a newt and a partridge in a pear tree 3 creatures vanquished. Voluntary challenges: You went without food. You were an atheist. You used a wielded weapon 3 times, starting on turn 16. You read items or engraved 4 times, starting on turn 183. You never genocided any monsters. You never polymorphed an object. You never changed form. You used no wishes. You never split a pudding. You never wrote Elbereth's name. You never violated your personal moral code. You abstained from Elbereth's help. You werepermanently hallucinating. Dungeon overview: The Dungeons of Doom: levels 1 to 3 Level 1 a long staircase Level 2 Level 3 <- You were here a general store History has recorded: On T:1 you entered the Dungeons of Doom to retrieve the Amulet of Yendor! On T:31 you reached level 2 of The Dungeons of Doom. On T:58 you reached level 3 of The Dungeons of Doom. Score breakdown: Gold: 0 ( 0 points) Experience: 1 level ( 0 points) Exploration: 3 levels ( 5.88%) ( 6000 points) Discoveries: 4 items ( 1.45%) ( 3611 points) Valuables value: (no points given unless you survive) Artifact value: 0 ( 0 points) Variety of kills: 3 monsters ( 0.79%) ( 2662 points) Turncount: 341 turns ( 0 points) Survival: died (score multiplied by 80%) Total score: 9818 Latest messages: You kill the killer bee! You see here a scroll of light (66 zorkmids). You see here a potion called 00 named a (6 zorkmids). You see here a potion called 10 white (133 zorkmids). You see here a scroll called 20 elam ebow (266 zorkmids). You see here a hard hat (53 zorkmids). "For you, most gracious lady; only 53 for this hard hat." q - a hard hat (unpaid, 53 zorkmids). You see here a scroll called 20 elam ebow (266 zorkmids). You see here a potion called 10 white (133 zorkmids). "For you, most gracious lady; only 133 for this potion called 10 white." s - a potion called 10 white (unpaid, 133 zorkmids). You see here a potion called 00 named a (6 zorkmids). You see here a pruning hook (6 zorkmids). You see here a scroll of light (66 zorkmids). You see here a ring called 10 clay (133 zorkmids). You see here a tin whistle (13 zorkmids). You see here a food ration (60 zorkmids). (2x) You see here an uncursed potion of object detection (200 zorkmids). You see here an uncursed amulet versus poison (200 zorkmids). You see here a scroll of light (66 zorkmids). You see here a scroll called 30 yum yum (400 zorkmids). Wait! That's a master mind flayer! The manes hits! You die... Wonotobo comes and takes all your possessions. Final status: Goodbye Orko the Wizard, killed by a hallucinogen-distorted small mimic... You died in The Dungeons of Doom on dungeon level 3 with 9818 points, and 0 pieces of gold, after 341 moves. You were level 1 with a maximum of 11 hit points when you died.